 Dungeon Crawl Stone Soup version 0.20-a0-1116-gaa52201 (webtiles) character file.

74 Jarno the Changer (level 4, 0/28 HPs)
             Began as an Octopode Transmuter on May 9, 2017.
             Succumbed to Robin's poison
             ... on level 2 of the Dungeon.
             The game lasted 00:04:08 (2405 turns).

Jarno the Changer (Octopode Transmuter)             Turns: 2405, Time: 00:04:09

Health: 0/28       AC:  1    Str:  9    XL:     4   Next: 28%
Magic:  2/7        EV: 13    Int: 15    God:
Gold:   54         SH:  0    Dex: 13    Spells: 1/7 levels left

rFire    . . .     SeeInvis .     - Unarmed
rCold    . . .     Gourm    .   (no shield)
rNeg     . . .     Faith    .   (helmet restricted)
rPois    .         Spirit   .   (no amulet)
rElec    .         Reflect  .   (no ring)
rCorr    .         Harm     .   (no ring)
MR       .....                  (no ring)
Stlth    ++........             (no ring)
Regen    0.1/turn               (no ring)
MPRegen  0.1/turn               (no ring)
                                (no ring)
                                (no ring)

@: lethally poisoned (0 -> -10), appendage (expiring)
A: almost no armour, stealthy swim, amphibious, 8 rings, constrict 8, tentacle
spike 3, camouflage 1, gelatinous body 1
a: End Transformation


You were on level 2 of the Dungeon.
You were hungry.
One of your tentacles had a temporary spike.
You visited 1 branch of the dungeon, and saw 2 of its levels.

You collected 54 gold pieces.

Inventory:

Missiles
 a - 21 arrows
 e - 33 stones (quivered)
Scrolls
 d - a scroll of teleportation {unknown}
 f - 2 scrolls of fog {unknown}
 g - a scroll of remove curse {unknown}
 h - a scroll of magic mapping {unknown}
Books
 b - a book of Changes

   Spells                             Type                      Level
   a - Beastly Appendage              Transmutation                1
   b - Sticks to Snakes               Transmutation                2
   c - Spider Form                    Transmutation/Poison         3
   d - Ice Form                       Ice/Transmutation            4
   e - Blade Hands                    Transmutation                5
Comestibles
 c - 3 bread rations


   Skills:
 - Level 1.0 Fighting
 - Level 2.0 Dodging
 - Level 3.0 Unarmed Combat
 - Level 2.0 Spellcasting
 + Level 4.0 Transmutations
 + Level 1.9 Poison Magic


You had one spell level left.
You knew the following spells:

 Your Spells              Type           Power        Failure   Level  Hunger
a - Beastly Appendage     Tmut           ##....       4%          1    #......
b - Sticks to Snakes      Tmut           ##......     6%          2    ###....
c - Spider Form           Tmut/Pois      ##........   21%         3    ###....


Dungeon Overview and Level Annotations

Branches:
Dungeon (2/15)

Altars:
Fedhas
Kikubaaqudgha


Innate Abilities, Weirdness & Mutations

You cannot wear most types of armour.
You are very stealthy in the water. (Stealth+)
You are amphibious.
You can wear up to eight rings at the same time.
You can use your tentacles to constrict eight enemies at once.
Your skin changes colour to match your surroundings (Stealth+).
Your rubbery body absorbs attacks. (AC +1, EV +1)
One of your tentacles bears a large vicious spike.


Message History

Your ball python constricts Robin.
Robin barely misses your ball python.
* * * LOW HITPOINT WARNING * * *
You feel sick.
Your ball python bites Robin.
Your ball python constricts Robin.
Robin misses your ball python.
You aren't carrying any potions.
Unknown command.
You aren't carrying any potions.
* * * LOW HITPOINT WARNING * * *
You feel sick.
Your ball python bites Robin.
Your ball python constricts Robin.
Robin hits your ball python with a spear of venom.
* * * LOW HITPOINT WARNING * * *
You feel sick.
Your ball python bites Robin.
Robin dies!
Your Transmutations skill increases to level 4!
* * * LOW HITPOINT WARNING * * *
You feel sick.
You swap places.
* * * LOW HITPOINT WARNING * * *
You feel sick.
You die...

..รท.#####.######. ###)##
#.# #..# #.# ##g## #..
#..# #.## ##.# #.#
#.###..
#..##.###################
##.##.#..<#.@.S..........
#.##.#.###)#############
#..#.#...#.# ##.#.##.##.#
#.#....##.# #.#.#####.#
#.#.# #.# #.#.# #.######
#.#.#####.#..).#


You could see a friendly ball python.

Vanquished Creatures
  2 adders (D:2)
  A worm (D:2)
  A dart slug (D:1)
  A ball python (D:1)
  6 bats
  11 goblins
  7 hobgoblins
  A quokka (D:2)
  4 frilled lizards
  5 kobolds
  2 rats
41 creatures vanquished.

Vanquished Creatures (collateral kills)
  Robin (D:2)
  A bat (D:2)
  2 goblins (D:2)
4 creatures vanquished.

Grand Total: 45 creatures vanquished

Notes
Turn   | Place    | Note
-------+----------+-------------------------------------------
     0 | D:1      | Jarno the Octopode Transmuter began the quest for the Orb.
     0 | D:1      | Reached XP level 1. HP: 13/13 MP: 3/3
   344 | D:1      | Reached XP level 2. HP: 3/18 MP: 3/5
   667 | D:1      | Learned a level 2 spell: Sticks to Snakes
   792 | D:1      | Reached skill level 3 in Transmutations
   993 | D:1      | Reached XP level 3. HP: 22/23 MP: 6/6
  1173 | D:1      | Learned a level 3 spell: Spider Form
  1601 | D:2      | Reached skill level 1 in Poison Magic
  1832 | D:2      | Reached XP level 4. HP: 21/28 MP: 1/7
  1965 | D:2      | Noticed Robin
  2301 | D:2      | Found an ancient bone altar of Kikubaaqudgha.
  2302 | D:2      | Found a blossoming altar of Fedhas.
  2402 | D:2      | Killed Robin
  2402 | D:2      | Reached skill level 4 in Transmutations
  2404 | D:2      | HP: 1/28 [poisoned by Robin]
  2405 | D:2      | Succumbed to Robin's poison

Vault maps used:
D:1:      dpeg_arrival_simpleton_b, grunt_decor_arrowhead, minivault_26
D:2:      grunt_temple_overflow_growth_and_decay, uniq_robin, uniq_natasha

Skill      XL: |  1  2  3  4 |
---------------+-------------+-----
Transmutations | 3 4 |  4.0
Poison Magic   | 1 |  1.9
Fighting       | |  1.0
Dodging        | |  2.0
Unarmed Combat | |  3.0
Spellcasting   | |  2.0

Action                   |  1- 3 |  4- 6 || total
-------------------------+-------+-------++-------
Melee: Unarmed           |    92 |    12 ||   104
       Tentacles         |    10 |     1 ||    11
       Constrict         |    21 |     4 ||    25
       Kick              |     8 |     1 ||     9
       Punch             |     1 |     1 ||     2
 Cast: Beastly Appendage |    11 |     1 ||    12
       Sticks to Snakes  |     5 |     8 ||    13
 Stab: Sleeping          |     4 |     1 ||     5
       Distracted        |       |     1 ||     1
  Eat: Chunk             |     3 |     2 ||     5
Armor: Skin              |     9 |     1 ||    10
Dodge: Dodged            |    41 |    11 ||    52
